[ PARTIDA AOE2 · #476328926 ]
UnrankedEspañoles vs Mongols
[ ANÁLISIS DE REPETICIÓN · EXTRAÍDO DE LA PARTIDA GRABADA ]
Feudal
10:31
Castillos
14:01
Imperial
31:00
| APM promedio | 45.4 |
| APM pico | 91 |
| eAPM promedio | 32.1 |
| Aldeanos / militares | 173 / 771 |
Foco
⚔️ 45.7% · 🌾 54.3%
Knight ×576 · Spearman ×127 · Trade Cart ×102 · Trebuchet (Packed) ×24 · Conquistador ×20 · Battering Ram ×19
Feudal
9:41
Castillos
13:15
Imperial
27:38
| APM promedio | 55.9 |
| APM pico | 124 |
| eAPM promedio | 32.6 |
| Aldeanos / militares | 195 / 387 |
Foco
⚔️ 48.1% · 🌾 51.9%
Camel Archer ×316 · Bombard Cannon ×67 · Trade Cart ×62 · Trebuchet (Packed) ×3 · Mangonel ×1
Feudal
9:41
Castillos
13:17
Imperial
31:11
| APM promedio | 46.3 |
| APM pico | 83 |
| eAPM promedio | 23.9 |
| Aldeanos / militares | 165 / 310 |
Foco
⚔️ 36.0% · 🌾 64.0%
Mangonel ×175 · Mangudai ×129 · Trade Cart ×77 · Trebuchet (Packed) ×4 · Battering Ram ×2
Feudal
8:33
Castillos
20:32
Imperial
34:11
| APM promedio | 31.3 |
| APM pico | 71 |
| eAPM promedio | 17.6 |
| Aldeanos / militares | 185 / 819 |
Foco
⚔️ 36.1% · 🌾 63.9%
Spearman ×812 · Trade Cart ×26 · Scout Cavalry ×7
Feudal
10:56
Castillos
13:40
Imperial
29:11
| APM promedio | 58.2 |
| APM pico | 107 |
| eAPM promedio | 32.4 |
| Aldeanos / militares | 189 / 522 |
Foco
⚔️ 38.8% · 🌾 61.2%
Scorpion ×423 · Trade Cart ×81 · Battle Elephant ×70 · Trebuchet (Packed) ×20 · Knight ×9
Feudal
10:06
Castillos
21:43
Imperial
39:57
| APM promedio | 41.5 |
| APM pico | 105 |
| eAPM promedio | 20.9 |
| Aldeanos / militares | 119 / 31 |
Foco
⚔️ 35.7% · 🌾 64.3%
Trade Cart ×141 · Unknown (1942) ×121 · Unknown (1952) ×40 · Archer ×28 · Mangonel ×2 · Scout Cavalry ×1
Feudal
9:16
Castillos
19:31
Imperial
30:48
| APM promedio | 40.4 |
| APM pico | 100 |
| eAPM promedio | 32.8 |
| Aldeanos / militares | 138 / 946 |
Foco
⚔️ 61.6% · 🌾 38.4%
Scout Cavalry ×873 · Mangonel ×69 · Trade Cart ×36 · Militia ×4
Feudal
8:54
Castillos
20:12
Imperial
36:18
| APM promedio | 59.2 |
| APM pico | 105 |
| eAPM promedio | 33.0 |
| Aldeanos / militares | 140 / 357 |
Foco
⚔️ 69.3% · 🌾 30.7%
Rattan Archer ×230 · Trade Cart ×94 · Bombard Cannon ×74 · Archer ×25 · Cavalry Archer ×25 · Trebuchet (Packed) ×2
Mapa de la partida
Recursos iniciales + cada clic de construcción. Líneas = muros · curvas = relieve. ◆ oro · ⬟ piedra · ● bayas · ✦ reliquia · ◌ hueco del cierre
Tu base· ✓ Cerrada en 14:01 · 0t muro · sin puerta
Base de theMole· ✓ Cerrada en 13:15 · 0t muro · sin puerta
Base de knightthrower· ✓ Cerrada en 13:17 · 0t muro · sin puerta
Base de [S1z3] NillisLukins· ✓ Cerrada en 20:32 · 30t muro · 1 puerta(s)
Base de PUB | Steak· ✓ Cerrada en 13:40 · 4t muro · sin puerta
Base de Aten· ✓ Cerrada en 21:43 · 4t muro · sin puerta
Base de Ronnie Hotdogs· ✓ Cerrada en 19:31 · 35t muro · 1 puerta(s)
Base de YoungPanda· ✓ Cerrada en 20:12 · 1t muro · sin puerta
Terreno inicial suavizado · ◌ = hueco del cierre detectado · pasá el cursor para detalles
Inputs por minuto
— robo_boro - - theMole
Build order — robo_boro
Primeras 150 de 1235 acciones detectadas
| 0:01 | Crear | Villager (Male) |
| 0:01 | Crear | Villager (Male) |
| 0:01 | Crear | Villager (Male) |
| 0:01 | Crear | Villager (Male) |
| 0:01 | Crear | Villager (Male) |
| 0:01 | Crear | Villager (Male) |
| 0:01 | Crear | Villager (Male) |
| 0:01 | Crear | Villager (Male) |
| 0:01 | Crear | Villager (Male) |
| 0:02 | Construir | House |
| 0:03 | Construir | House |
| 1:27 | Crear | Villager (Male) |
| 1:27 | Crear | Villager (Male) |
| 1:27 | Crear | Villager (Male) |
| 1:27 | Crear | Villager (Male) |
| 1:30 | Construir | Lumber Camp |
| 1:56 | Crear | Villager (Male) |
| 1:57 | Crear | Villager (Male) |
| 1:57 | Crear | Villager (Male) |
| 2:17 | Crear | Villager (Male) |
| 2:17 | Crear | Villager (Male) |
| 2:17 | Crear | Villager (Male) |
| 2:50 | Crear | Villager (Male) |
| 2:50 | Crear | Villager (Male) |
| 2:50 | Crear | Villager (Male) |
| 3:13 | Crear | Villager (Male) |
| 3:13 | Crear | Villager (Male) |
| 3:14 | Crear | Villager (Male) |
| 3:35 | Crear | Villager (Male) |
| 3:35 | Crear | Villager (Male) |
| 3:35 | Crear | Villager (Male) |
| 3:58 | Construir | House |
| 4:01 | Construir | House |
| 4:08 | Crear | Villager (Male) |
| 4:08 | Crear | Villager (Male) |
| 4:08 | Crear | Villager (Male) |
| 4:08 | Crear | Villager (Male) |
| 4:27 | Crear | Villager (Male) |
| 4:27 | Crear | Villager (Male) |
| 4:27 | Crear | Villager (Male) |
| 4:45 | Construir | Mill |
| 4:51 | Crear | Villager (Male) |
| 4:52 | Crear | Villager (Male) |
| 4:52 | Crear | Villager (Male) |
| 5:17 | Crear | Villager (Male) |
| 5:30 | Crear | Villager (Male) |
| 5:58 | Crear | Villager (Male) |
| 6:04 | Crear | Villager (Male) |
| 6:33 | Crear | Villager (Male) |
| 7:20 | Crear | Villager (Male) |
| 7:34 | Crear | Villager (Male) |
| 7:44 | Construir | Mining Camp |
| 7:53 | Construir | Farm |
| 7:55 | Construir | Farm |
| 8:09 | Investigar | Feudal Age |
| 8:28 | Construir | Mining Camp |
| 8:39 | Construir | House |
| 9:16 | Crear | Villager (Male) |
| 9:16 | Crear | Villager (Male) |
| 10:31 | Edad | Edad Feudal |
| 10:35 | Construir | Market |
| 10:38 | Construir | Blacksmith |
| 11:16 | Investigar | Castle Age |
| 11:16 | Investigar | Castle Age |
| 11:41 | Investigar | Double-Bit Axe |
| 11:41 | Investigar | Double-Bit Axe |
| 12:10 | Investigar | Horse Collar |
| 12:52 | Crear | Villager (Male) |
| 14:01 | Edad | Edad de los Castillos |
| 14:11 | Construir | Castle |
| 14:14 | Investigar | Bow Saw |
| 14:15 | Investigar | Bow Saw |
| 14:20 | Crear | Villager (Male) |
| 14:46 | Crear | Villager (Male) |
| 14:48 | Construir | Farm |
| 14:51 | Construir | Farm |
| 14:56 | Construir | Farm |
| 14:58 | Crear | Villager (Male) |
| 15:20 | Crear | Villager (Male) |
| 15:24 | Construir | House |
| 15:28 | Construir | Farm |
| 15:41 | Construir | Monastery |
| 15:47 | Construir | Farm |
| 15:55 | Crear | Conquistador |
| 16:03 | Crear | Villager (Male) |
| 16:08 | Construir | Farm |
| 16:12 | Crear | Missionary |
| 16:29 | Construir | Lumber Camp |
| 16:41 | Crear | Conquistador |
| 16:42 | Crear | Villager (Male) |
| 16:57 | Crear | Villager (Male) |
| 17:05 | Construir | Farm |
| 17:10 | Crear | Conquistador |
| 17:15 | Construir | Farm |
| 17:21 | Crear | Villager (Male) |
| 17:24 | Construir | Farm |
| 17:52 | Crear | Villager (Male) |
| 17:55 | Crear | Conquistador |
| 17:55 | Crear | Conquistador |
| 18:16 | Construir | Town Center |
| 18:28 | Crear | Conquistador |
| 18:29 | Crear | Villager (Male) |
| 18:32 | Construir | Farm |
| 18:45 | Crear | Missionary |
| 18:57 | Crear | Conquistador |
| 18:58 | Crear | Villager (Male) |
| 18:58 | Crear | Villager (Male) |
| 19:14 | Crear | Villager (Male) |
| 19:23 | Construir | Farm |
| 19:23 | Crear | Villager (Male) |
| 19:25 | Construir | Farm |
| 19:27 | Construir | Farm |
| 19:42 | Crear | Petard |
| 19:49 | Crear | Villager (Male) |
| 19:49 | Crear | Villager (Male) |
| 19:50 | Construir | Farm |
| 19:52 | Construir | Farm |
| 19:53 | Construir | Farm |
| 19:55 | Construir | Farm |
| 19:56 | Crear | Villager (Male) |
| 19:57 | Crear | Villager (Male) |
| 19:57 | Crear | Villager (Male) |
| 20:17 | Crear | Conquistador |
| 20:20 | Crear | Villager (Male) |
| 20:20 | Crear | Villager (Male) |
| 20:22 | Construir | Farm |
| 20:23 | Construir | Farm |
| 20:32 | Crear | Conquistador |
| 20:38 | Crear | Villager (Male) |
| 20:39 | Crear | Villager (Male) |
| 20:43 | Construir | Town Center |
| 21:07 | Crear | Villager (Male) |
| 21:07 | Crear | Villager (Male) |
| 21:19 | Crear | Villager (Male) |
| 21:19 | Crear | Villager (Male) |
| 21:32 | Crear | Villager (Male) |
| 21:46 | Crear | Villager (Male) |
| 21:52 | Construir | House |
| 21:53 | Construir | House |
| 21:55 | Crear | Villager (Male) |
| 21:55 | Crear | Villager (Male) |
| 22:00 | Construir | Market |
| 22:02 | Crear | Villager (Male) |
| 22:02 | Crear | Villager (Male) |
| 22:03 | Construir | Farm |
| 22:20 | Construir | Farm |
| 22:23 | Investigar | Wheelbarrow |
| 22:23 | Investigar | Wheelbarrow |
| 22:33 | Investigar | Heavy Plow |
| 22:33 | Investigar | Heavy Plow |
Build order — theMole
Primeras 150 de 743 acciones detectadas
| 0:01 | Crear | Villager (Male) |
| 0:01 | Crear | Villager (Male) |
| 0:02 | Crear | Villager (Male) |
| 0:03 | Construir | House |
| 0:04 | Construir | House |
| 0:04 | Crear | Villager (Male) |
| 1:23 | Crear | Villager (Male) |
| 1:46 | Construir | Lumber Camp |
| 1:52 | Crear | Villager (Male) |
| 2:07 | Crear | Villager (Male) |
| 2:28 | Crear | Villager (Male) |
| 2:45 | Crear | Villager (Male) |
| 3:23 | Crear | Villager (Male) |
| 3:50 | Construir | House |
| 3:51 | Construir | House |
| 4:03 | Crear | Villager (Male) |
| 4:14 | Crear | Villager (Male) |
| 4:15 | Construir | Mill |
| 4:33 | Crear | Villager (Male) |
| 5:03 | Crear | Villager (Male) |
| 5:19 | Crear | Villager (Male) |
| 5:36 | Crear | Villager (Male) |
| 5:59 | Crear | Villager (Male) |
| 6:10 | Crear | Villager (Male) |
| 6:26 | Crear | Villager (Male) |
| 7:09 | Construir | Mining Camp |
| 7:12 | Construir | Mining Camp |
| 7:23 | Investigar | Feudal Age |
| 7:36 | Crear | Villager (Male) |
| 7:53 | Crear | Villager (Male) |
| 9:41 | Edad | Edad Feudal |
| 9:42 | Construir | Market |
| 9:43 | Construir | Blacksmith |
| 10:35 | Investigar | Castle Age |
| 11:04 | Construir | House |
| 11:13 | Investigar | Horse Collar |
| 11:32 | Investigar | Double-Bit Axe |
| 12:11 | Construir | Farm |
| 12:36 | Crear | Villager (Male) |
| 13:02 | Construir | Farm |
| 13:15 | Edad | Edad de los Castillos |
| 13:21 | Construir | Town Center |
| 13:29 | Crear | Villager (Male) |
| 13:35 | Construir | Town Center |
| 13:55 | Investigar | Bow Saw |
| 13:57 | Crear | Villager (Male) |
| 13:59 | Construir | Farm |
| 14:12 | Crear | Villager (Male) |
| 14:19 | Construir | Farm |
| 14:21 | Construir | Farm |
| 14:43 | Crear | Villager (Male) |
| 14:57 | Construir | House |
| 15:00 | Construir | Farm |
| 15:06 | Crear | Villager (Male) |
| 15:11 | Construir | Farm |
| 15:14 | Crear | Villager (Male) |
| 15:15 | Crear | Villager (Male) |
| 15:24 | Construir | Farm |
| 15:29 | Crear | Villager (Male) |
| 15:35 | Construir | Farm |
| 15:42 | Crear | Villager (Male) |
| 15:42 | Crear | Villager (Male) |
| 15:43 | Crear | Villager (Male) |
| 15:48 | Construir | Farm |
| 16:00 | Crear | Villager (Male) |
| 16:02 | Construir | Farm |
| 16:10 | Construir | House |
| 16:11 | Construir | House |
| 16:14 | Crear | Villager (Male) |
| 16:20 | Construir | Farm |
| 16:27 | Construir | Farm |
| 16:27 | Crear | Villager (Male) |
| 16:36 | Construir | Farm |
| 16:43 | Crear | Villager (Male) |
| 16:47 | Construir | Farm |
| 16:55 | Construir | Farm |
| 16:56 | Crear | Villager (Male) |
| 17:03 | Crear | Villager (Male) |
| 17:06 | Construir | Farm |
| 17:11 | Construir | Farm |
| 17:15 | Construir | House |
| 17:21 | Construir | Farm |
| 17:27 | Crear | Villager (Male) |
| 17:27 | Crear | Villager (Male) |
| 17:32 | Crear | Villager (Male) |
| 17:35 | Construir | Farm |
| 17:50 | Construir | House |
| 17:51 | Construir | House |
| 17:54 | Crear | Villager (Male) |
| 17:56 | Construir | House |
| 17:58 | Crear | Villager (Male) |
| 17:59 | Crear | Villager (Male) |
| 18:01 | Crear | Villager (Male) |
| 18:01 | Crear | Villager (Male) |
| 18:12 | Crear | Villager (Male) |
| 18:24 | Construir | Town Center |
| 18:30 | Crear | Villager (Male) |
| 18:34 | Construir | Farm |
| 18:34 | Crear | Villager (Male) |
| 18:37 | Crear | Villager (Male) |
| 18:44 | Construir | Farm |
| 18:48 | Construir | House |
| 18:49 | Construir | House |
| 18:51 | Construir | House |
| 19:01 | Investigar | Wheelbarrow |
| 19:05 | Crear | Villager (Male) |
| 19:09 | Construir | Farm |
| 19:17 | Crear | Villager (Male) |
| 19:20 | Construir | Farm |
| 19:27 | Investigar | Heavy Plow |
| 19:31 | Construir | Farm |
| 19:35 | Construir | Farm |
| 19:38 | Crear | Villager (Male) |
| 19:45 | Construir | Farm |
| 19:46 | Crear | Villager (Male) |
| 19:49 | Construir | Farm |
| 19:51 | Crear | Villager (Male) |
| 19:53 | Construir | Farm |
| 19:58 | Crear | Villager (Male) |
| 20:00 | Construir | House |
| 20:01 | Construir | House |
| 20:02 | Construir | House |
| 20:03 | Crear | Villager (Male) |
| 20:08 | Construir | Farm |
| 20:12 | Crear | Villager (Male) |
| 20:16 | Construir | Farm |
| 20:18 | Crear | Villager (Male) |
| 20:21 | Crear | Villager (Male) |
| 20:27 | Crear | Villager (Male) |
| 20:31 | Construir | Farm |
| 20:33 | Crear | Villager (Male) |
| 20:39 | Construir | Farm |
| 20:42 | Crear | Villager (Male) |
| 20:54 | Crear | Villager (Male) |
| 20:54 | Crear | Villager (Male) |
| 21:08 | Crear | Villager (Male) |
| 21:15 | Investigar | Hand Cart |
| 21:16 | Investigar | Hand Cart |
| 21:16 | Crear | Villager (Male) |
| 21:17 | Crear | Villager (Male) |
| 21:21 | Construir | Farm |
| 21:22 | Crear | Villager (Male) |
| 21:25 | Construir | House |
| 21:26 | Construir | House |
| 21:27 | Construir | House |
| 21:28 | Construir | House |
| 21:29 | Crear | Villager (Male) |
| 21:29 | Crear | Villager (Male) |
| 21:30 | Crear | Villager (Male) |
| 21:34 | Crear | Villager (Male) |
Build order — knightthrower
Primeras 150 de 639 acciones detectadas
| 0:01 | Crear | Villager (Male) |
| 0:01 | Crear | Villager (Male) |
| 0:01 | Crear | Villager (Male) |
| 0:01 | Crear | Villager (Male) |
| 0:03 | Construir | House |
| 0:04 | Construir | House |
| 1:23 | Crear | Villager (Male) |
| 1:23 | Crear | Villager (Male) |
| 1:50 | Construir | Lumber Camp |
| 2:00 | Crear | Villager (Male) |
| 2:06 | Crear | Villager (Male) |
| 2:54 | Crear | Villager (Male) |
| 2:55 | Crear | Villager (Male) |
| 2:56 | Crear | Villager (Male) |
| 3:13 | Construir | House |
| 3:56 | Crear | Villager (Male) |
| 4:05 | Crear | Villager (Male) |
| 4:52 | Crear | Villager (Male) |
| 4:59 | Crear | Villager (Male) |
| 4:59 | Crear | Villager (Male) |
| 5:00 | Crear | Villager (Male) |
| 5:04 | Construir | Mill |
| 5:09 | Crear | Villager (Male) |
| 5:19 | Crear | Villager (Male) |
| 5:26 | Crear | Villager (Male) |
| 5:27 | Crear | Villager (Male) |
| 6:03 | Construir | House |
| 6:21 | Construir | Mining Camp |
| 7:21 | Investigar | Feudal Age |
| 9:22 | Crear | Villager (Male) |
| 9:23 | Crear | Villager (Male) |
| 9:41 | Edad | Edad Feudal |
| 9:42 | Construir | Market |
| 9:43 | Crear | Villager (Male) |
| 9:47 | Construir | Blacksmith |
| 10:04 | Crear | Villager (Male) |
| 10:04 | Crear | Villager (Male) |
| 10:37 | Investigar | Castle Age |
| 11:33 | Investigar | Double-Bit Axe |
| 11:33 | Investigar | Horse Collar |
| 11:38 | Construir | Farm |
| 11:40 | Construir | Farm |
| 13:12 | Crear | Villager (Male) |
| 13:17 | Edad | Edad de los Castillos |
| 13:19 | Construir | Town Center |
| 13:22 | Construir | Town Center |
| 13:25 | Crear | Villager (Male) |
| 13:31 | Investigar | Bow Saw |
| 13:45 | Crear | Villager (Male) |
| 14:08 | Crear | Villager (Male) |
| 14:10 | Construir | House |
| 14:30 | Construir | House |
| 14:37 | Construir | House |
| 14:40 | Construir | House |
| 14:48 | Investigar | Loom |
| 14:54 | Crear | Villager (Male) |
| 15:10 | Construir | Farm |
| 15:18 | Construir | House |
| 15:22 | Construir | House |
| 15:29 | Construir | House |
| 15:47 | Construir | Farm |
| 15:56 | Construir | House |
| 16:08 | Crear | Villager (Male) |
| 16:08 | Crear | Villager (Male) |
| 16:10 | Construir | House |
| 16:14 | Construir | Palisade Wall |
| 16:16 | Construir | Palisade Wall |
| 16:19 | Construir | House |
| 16:24 | Crear | Villager (Male) |
| 16:27 | Construir | Farm |
| 16:33 | Construir | Farm |
| 16:40 | Crear | Villager (Male) |
| 16:42 | Crear | Villager (Male) |
| 16:43 | Crear | Villager (Male) |
| 16:58 | Construir | House |
| 17:01 | Construir | House |
| 17:17 | Crear | Villager (Male) |
| 17:32 | Crear | Trade Cart |
| 17:39 | Crear | Villager (Male) |
| 17:40 | Crear | Villager (Male) |
| 17:40 | Crear | Villager (Male) |
| 17:40 | Crear | Villager (Male) |
| 17:48 | Construir | House |
| 17:54 | Crear | Villager (Male) |
| 17:56 | Crear | Villager (Male) |
| 17:57 | Crear | Villager (Male) |
| 17:57 | Crear | Villager (Male) |
| 17:59 | Construir | Farm |
| 18:00 | Construir | Farm |
| 18:04 | Construir | Palisade Wall |
| 18:07 | Construir | House |
| 18:19 | Construir | Farm |
| 18:20 | Construir | Farm |
| 18:22 | Construir | Farm |
| 18:28 | Construir | Farm |
| 18:29 | Crear | Villager (Male) |
| 18:30 | Construir | Farm |
| 18:44 | Crear | Villager (Male) |
| 18:44 | Crear | Villager (Male) |
| 19:02 | Construir | Farm |
| 19:03 | Crear | Villager (Male) |
| 19:09 | Construir | Farm |
| 19:12 | Construir | Farm |
| 19:12 | Crear | Villager (Male) |
| 19:25 | Crear | Villager (Male) |
| 19:37 | Construir | Farm |
| 19:41 | Crear | Villager (Male) |
| 19:41 | Crear | Villager (Male) |
| 19:53 | Construir | Town Center |
| 20:02 | Crear | Villager (Male) |
| 20:02 | Crear | Villager (Male) |
| 20:08 | Crear | Villager (Male) |
| 20:12 | Crear | Villager (Male) |
| 20:45 | Crear | Villager (Male) |
| 20:45 | Crear | Villager (Male) |
| 20:45 | Crear | Villager (Male) |
| 20:51 | Construir | Palisade Wall |
| 20:53 | Construir | Palisade Wall |
| 20:54 | Construir | Palisade Wall |
| 20:56 | Crear | Villager (Male) |
| 21:00 | Crear | Villager (Male) |
| 21:12 | Construir | Siege Workshop |
| 21:12 | Crear | Villager (Male) |
| 21:12 | Crear | Villager (Male) |
| 21:21 | Construir | Farm |
| 21:22 | Construir | Farm |
| 21:23 | Crear | Villager (Male) |
| 21:26 | Construir | Farm |
| 21:27 | Crear | Villager (Male) |
| 21:27 | Crear | Villager (Male) |
| 21:29 | Construir | Farm |
| 21:36 | Crear | Villager (Male) |
| 21:36 | Crear | Villager (Male) |
| 21:43 | Investigar | Wheelbarrow |
| 21:45 | Construir | Farm |
| 21:46 | Construir | Farm |
| 22:02 | Crear | Villager (Male) |
| 22:16 | Crear | Villager (Male) |
| 22:17 | Crear | Villager (Male) |
| 22:18 | Crear | Battering Ram |
| 22:24 | Crear | Villager (Male) |
| 22:24 | Crear | Villager (Male) |
| 22:28 | Construir | Farm |
| 22:29 | Construir | Farm |
| 22:30 | Construir | Farm |
| 22:31 | Construir | Farm |
| 22:32 | Construir | Farm |
| 22:33 | Construir | Farm |
| 22:34 | Crear | Villager (Male) |
| 22:34 | Crear | Villager (Male) |
Build order — [S1z3] NillisLukins
Primeras 150 de 760 acciones detectadas
| 0:01 | Crear | Villager (Male) |
| 0:03 | Construir | House |
| 0:04 | Construir | House |
| 0:26 | Crear | Villager (Male) |
| 0:26 | Crear | Villager (Male) |
| 0:26 | Crear | Villager (Male) |
| 0:27 | Crear | Villager (Male) |
| 1:28 | Crear | Villager (Male) |
| 1:28 | Crear | Villager (Male) |
| 1:58 | Crear | Villager (Male) |
| 2:01 | Crear | Villager (Male) |
| 2:43 | Crear | Villager (Male) |
| 2:59 | Crear | Villager (Male) |
| 2:59 | Crear | Villager (Male) |
| 3:42 | Crear | Villager (Male) |
| 3:42 | Crear | Villager (Male) |
| 3:42 | Crear | Villager (Male) |
| 3:52 | Construir | House |
| 3:53 | Construir | House |
| 4:04 | Crear | Villager (Male) |
| 4:36 | Crear | Villager (Male) |
| 5:02 | Construir | Mill |
| 5:29 | Investigar | Loom |
| 6:23 | Investigar | Feudal Age |
| 6:23 | Investigar | Feudal Age |
| 7:14 | Construir | Barracks |
| 7:15 | Construir | House |
| 7:32 | Crear | Villager (Male) |
| 8:33 | Edad | Edad Feudal |
| 8:34 | Construir | Stable |
| 8:38 | Investigar | Double-Bit Axe |
| 8:47 | Construir | House |
| 8:48 | Construir | House |
| 8:56 | Construir | Palisade Wall |
| 8:58 | Construir | Palisade Wall |
| 9:00 | Construir | Palisade Wall |
| 9:04 | Crear | Villager (Male) |
| 9:18 | Crear | Villager (Male) |
| 9:41 | Crear | Scout Cavalry |
| 9:41 | Crear | Scout Cavalry |
| 9:56 | Construir | House |
| 10:10 | Crear | Villager (Male) |
| 10:10 | Crear | Villager (Male) |
| 10:36 | Crear | Villager (Male) |
| 10:38 | Crear | Scout Cavalry |
| 10:45 | Construir | Stone Wall |
| 10:59 | Crear | Scout Cavalry |
| 11:27 | Crear | Villager (Male) |
| 11:57 | Construir | Stone Wall |
| 12:02 | Crear | Villager (Male) |
| 12:05 | Crear | Scout Cavalry |
| 12:05 | Crear | Scout Cavalry |
| 12:07 | Construir | House |
| 12:15 | Construir | Farm |
| 12:15 | Construir | Farm |
| 12:16 | Construir | Farm |
| 12:16 | Construir | Farm |
| 12:31 | Crear | Villager (Male) |
| 12:54 | Crear | Scout Cavalry |
| 12:57 | Construir | House |
| 13:01 | Construir | Farm |
| 13:03 | Construir | Farm |
| 13:17 | Crear | Villager (Male) |
| 13:21 | Crear | Villager (Male) |
| 13:27 | Construir | House |
| 13:38 | Construir | Gate |
| 13:55 | Crear | Villager (Male) |
| 13:58 | Construir | Farm |
| 14:00 | Construir | Farm |
| 14:03 | Construir | Farm |
| 14:06 | Construir | Farm |
| 14:12 | Construir | Farm |
| 14:14 | Construir | House |
| 14:15 | Crear | Villager (Male) |
| 14:20 | Construir | Mule Cart |
| 14:24 | Construir | Farm |
| 14:40 | Crear | Villager (Male) |
| 14:44 | Construir | Farm |
| 14:48 | Construir | House |
| 14:49 | Construir | House |
| 14:51 | Construir | House |
| 14:59 | Crear | Villager (Male) |
| 15:01 | Construir | Farm |
| 15:27 | Construir | Stone Wall |
| 15:36 | Crear | Villager (Male) |
| 15:41 | Construir | Farm |
| 15:42 | Crear | Villager (Male) |
| 15:45 | Construir | Blacksmith |
| 16:02 | Construir | Farm |
| 16:21 | Construir | House |
| 16:26 | Investigar | Wheelbarrow |
| 17:12 | Construir | Mule Cart |
| 17:49 | Investigar | Castle Age |
| 20:02 | Crear | Villager (Male) |
| 20:32 | Edad | Edad de los Castillos |
| 20:35 | Construir | Town Center |
| 20:46 | Construir | Town Center |
| 20:52 | Crear | Villager (Male) |
| 21:23 | Crear | Villager (Male) |
| 21:23 | Crear | Villager (Male) |
| 21:34 | Construir | Farm |
| 22:06 | Crear | Villager (Male) |
| 22:07 | Crear | Villager (Male) |
| 22:08 | Crear | Villager (Male) |
| 22:18 | Crear | Villager (Male) |
| 22:19 | Crear | Villager (Male) |
| 22:21 | Construir | Farm |
| 22:32 | Crear | Villager (Male) |
| 22:34 | Crear | Villager (Male) |
| 22:55 | Crear | Villager (Male) |
| 23:04 | Crear | Villager (Male) |
| 23:23 | Construir | Town Center |
| 23:26 | Crear | Villager (Male) |
| 23:28 | Crear | Villager (Male) |
| 23:31 | Construir | Farm |
| 23:35 | Investigar | Horse Collar |
| 23:38 | Investigar | Bow Saw |
| 23:42 | Crear | Villager (Male) |
| 23:42 | Crear | Villager (Male) |
| 23:44 | Investigar | Town Watch |
| 23:54 | Investigar | Hand Cart |
| 23:54 | Investigar | Padded Archer Armor |
| 23:56 | Crear | Villager (Male) |
| 23:59 | Crear | Villager (Male) |
| 24:00 | Crear | Villager (Male) |
| 24:06 | Construir | Farm |
| 24:08 | Construir | Farm |
| 24:10 | Construir | Farm |
| 24:12 | Crear | Villager (Male) |
| 24:16 | Construir | Farm |
| 24:19 | Crear | Villager (Male) |
| 24:20 | Crear | Villager (Male) |
| 24:20 | Crear | Villager (Male) |
| 24:20 | Crear | Villager (Male) |
| 24:22 | Crear | Villager (Male) |
| 24:34 | Crear | Villager (Male) |
| 24:39 | Crear | Villager (Male) |
| 24:42 | Construir | Farm |
| 24:44 | Crear | Villager (Male) |
| 24:46 | Construir | Farm |
| 24:49 | Construir | Farm |
| 24:51 | Construir | Farm |
| 24:52 | Crear | Villager (Male) |
| 24:54 | Construir | Farm |
| 24:54 | Crear | Villager (Male) |
| 24:55 | Crear | Villager (Male) |
| 24:55 | Crear | Villager (Male) |
| 24:57 | Construir | Farm |
| 25:24 | Crear | Villager (Male) |
| 25:27 | Construir | Farm |
Build order — PUB | Steak
Primeras 150 de 776 acciones detectadas
| 0:01 | Crear | Villager (Male) |
| 0:01 | Crear | Villager (Male) |
| 0:02 | Crear | Villager (Male) |
| 0:02 | Crear | Villager (Male) |
| 0:03 | Construir | House |
| 0:03 | Construir | House |
| 1:28 | Crear | Villager (Male) |
| 1:45 | Construir | Lumber Camp |
| 1:49 | Crear | Villager (Male) |
| 2:21 | Crear | Villager (Male) |
| 2:37 | Crear | Villager (Male) |
| 2:53 | Crear | Villager (Male) |
| 3:38 | Crear | Villager (Male) |
| 3:51 | Construir | House |
| 3:55 | Construir | House |
| 4:01 | Crear | Villager (Male) |
| 4:02 | Construir | House |
| 4:06 | Crear | Villager (Male) |
| 4:15 | Construir | Mill |
| 4:47 | Crear | Villager (Male) |
| 4:47 | Crear | Villager (Male) |
| 5:26 | Crear | Villager (Male) |
| 5:28 | Crear | Villager (Male) |
| 5:46 | Crear | Villager (Male) |
| 5:47 | Crear | Villager (Male) |
| 7:18 | Crear | Villager (Male) |
| 7:19 | Crear | Villager (Male) |
| 7:39 | Crear | Villager (Male) |
| 8:04 | Construir | Mining Camp |
| 8:07 | Investigar | Feudal Age |
| 8:36 | Construir | Farm |
| 9:27 | Construir | House |
| 9:40 | Crear | Villager (Male) |
| 9:41 | Crear | Villager (Male) |
| 10:43 | Crear | Villager (Male) |
| 10:44 | Crear | Villager (Male) |
| 10:56 | Edad | Edad Feudal |
| 10:58 | Investigar | Castle Age |
| 11:17 | Construir | Stable |
| 11:21 | Investigar | Double-Bit Axe |
| 11:22 | Investigar | Horse Collar |
| 11:34 | Construir | Farm |
| 11:53 | Construir | Palisade Wall |
| 11:56 | Construir | Palisade Wall |
| 11:57 | Construir | Palisade Wall |
| 11:59 | Construir | Palisade Wall |
| 12:00 | Construir | Stable |
| 12:08 | Crear | Villager (Male) |
| 12:22 | Construir | Blacksmith |
| 13:40 | Edad | Edad de los Castillos |
| 13:42 | Investigar | Bow Saw |
| 13:42 | Crear | Villager (Male) |
| 14:00 | Construir | Siege Workshop |
| 14:04 | Construir | Siege Workshop |
| 14:07 | Crear | Knight |
| 14:08 | Crear | Knight |
| 14:09 | Crear | Villager (Male) |
| 14:31 | Investigar | Scale Barding Armor |
| 14:52 | Crear | Villager (Male) |
| 14:54 | Construir | Farm |
| 14:55 | Construir | Farm |
| 14:57 | Construir | Farm |
| 14:59 | Crear | Villager (Male) |
| 15:01 | Construir | Farm |
| 15:04 | Construir | Farm |
| 15:07 | Construir | House |
| 15:09 | Construir | House |
| 15:23 | Crear | Knight |
| 15:37 | Construir | House |
| 15:49 | Crear | Villager (Male) |
| 15:51 | Construir | Farm |
| 15:56 | Construir | Farm |
| 15:58 | Construir | Farm |
| 15:59 | Crear | Villager (Male) |
| 16:03 | Construir | Farm |
| 16:27 | Investigar | Chain Barding Armor |
| 16:31 | Construir | House |
| 16:41 | Construir | Farm |
| 16:41 | Crear | Villager (Male) |
| 16:43 | Construir | Farm |
| 16:53 | Crear | Villager (Male) |
| 17:01 | Construir | Farm |
| 17:05 | Crear | Knight |
| 17:21 | Crear | Knight |
| 17:26 | Construir | Farm |
| 17:43 | Crear | Villager (Male) |
| 17:47 | Construir | Town Center |
| 17:53 | Crear | Villager (Male) |
| 18:13 | Crear | Villager (Male) |
| 18:20 | Construir | Town Center |
| 18:38 | Crear | Villager (Male) |
| 18:50 | Crear | Knight |
| 18:52 | Crear | Villager (Male) |
| 18:57 | Crear | Villager (Male) |
| 19:02 | Crear | Villager (Male) |
| 19:04 | Construir | Farm |
| 19:15 | Crear | Villager (Male) |
| 19:31 | Crear | Villager (Male) |
| 19:35 | Crear | Villager (Male) |
| 19:36 | Crear | Villager (Male) |
| 19:46 | Crear | Villager (Male) |
| 19:56 | Crear | Villager (Male) |
| 19:56 | Crear | Villager (Male) |
| 19:59 | Construir | Farm |
| 20:00 | Construir | Farm |
| 20:00 | Construir | Farm |
| 20:03 | Construir | Farm |
| 20:04 | Construir | Lumber Camp |
| 20:08 | Crear | Knight |
| 20:16 | Crear | Villager (Male) |
| 20:29 | Crear | Villager (Male) |
| 20:30 | Construir | Farm |
| 20:31 | Construir | Farm |
| 20:34 | Crear | Villager (Male) |
| 21:02 | Construir | Market |
| 21:05 | Crear | Villager (Male) |
| 21:05 | Crear | Villager (Male) |
| 21:08 | Crear | Knight |
| 21:17 | Crear | Villager (Male) |
| 21:22 | Crear | Villager (Male) |
| 21:28 | Crear | Villager (Male) |
| 21:31 | Crear | Villager (Male) |
| 21:32 | Construir | Farm |
| 21:34 | Construir | Farm |
| 21:36 | Investigar | Wheelbarrow |
| 21:40 | Construir | House |
| 21:45 | Construir | House |
| 21:53 | Construir | Farm |
| 21:53 | Investigar | Heavy Plow |
| 21:57 | Construir | Farm |
| 22:00 | Construir | Farm |
| 22:02 | Construir | Farm |
| 22:14 | Crear | Villager (Male) |
| 22:16 | Construir | Farm |
| 22:26 | Construir | House |
| 22:27 | Construir | House |
| 22:27 | Construir | House |
| 22:31 | Crear | Villager (Male) |
| 22:32 | Crear | Villager (Male) |
| 22:32 | Crear | Villager (Male) |
| 23:09 | Crear | Villager (Male) |
| 23:10 | Crear | Knight |
| 23:12 | Crear | Villager (Male) |
| 23:15 | Crear | Villager (Male) |
| 23:16 | Crear | Villager (Male) |
| 23:17 | Crear | Villager (Male) |
| 23:20 | Crear | Villager (Male) |
| 23:23 | Construir | Town Center |
| 23:36 | Crear | Villager (Male) |
| 23:47 | Crear | Villager (Male) |
Build order — Aten
Primeras 150 de 428 acciones detectadas
| 0:00 | Crear | Villager (Male) |
| 0:01 | Crear | Villager (Male) |
| 0:03 | Construir | House |
| 0:04 | Construir | House |
| 0:17 | Crear | Villager (Male) |
| 0:17 | Crear | Villager (Male) |
| 0:32 | Investigar | Loom |
| 0:32 | Crear | Villager (Male) |
| 0:33 | Crear | Villager (Male) |
| 1:22 | Crear | Villager (Male) |
| 1:26 | Construir | Palisade Wall |
| 1:31 | Construir | Palisade Wall |
| 1:33 | Construir | Palisade Wall |
| 1:58 | Crear | Villager (Male) |
| 2:20 | Crear | Villager (Male) |
| 2:46 | Crear | Villager (Male) |
| 3:04 | Construir | Lumber Camp |
| 3:09 | Crear | Villager (Male) |
| 3:33 | Crear | Villager (Male) |
| 3:43 | Construir | House |
| 3:48 | Construir | House |
| 3:49 | Construir | House |
| 4:14 | Crear | Villager (Male) |
| 4:14 | Crear | Villager (Male) |
| 4:32 | Crear | Villager (Male) |
| 5:42 | Crear | Villager (Male) |
| 6:06 | Crear | Villager (Male) |
| 6:34 | Crear | Villager (Male) |
| 6:53 | Crear | Villager (Male) |
| 7:13 | Construir | Barracks |
| 7:30 | Crear | Villager (Male) |
| 7:40 | Construir | House |
| 7:55 | Investigar | Feudal Age |
| 8:14 | Construir | Mining Camp |
| 9:48 | Crear | Villager (Male) |
| 9:59 | Crear | Villager (Male) |
| 9:59 | Crear | Villager (Male) |
| 10:06 | Edad | Edad Feudal |
| 10:16 | Construir | Archery Range |
| 10:24 | Construir | Blacksmith |
| 10:35 | Investigar | Double-Bit Axe |
| 10:37 | Construir | Blacksmith |
| 10:47 | Construir | House |
| 11:03 | Construir | Archery Range |
| 11:09 | Crear | Archer |
| 11:09 | Crear | Archer |
| 11:12 | Crear | Villager (Male) |
| 11:28 | Crear | Villager (Male) |
| 11:44 | Construir | House |
| 11:56 | Construir | Mill |
| 11:57 | Crear | Villager (Male) |
| 12:00 | Investigar | Fletching |
| 12:01 | Crear | Archer |
| 12:02 | Crear | Archer |
| 12:05 | Crear | Archer |
| 12:17 | Crear | Villager (Male) |
| 12:23 | Construir | House |
| 12:41 | Crear | Villager (Male) |
| 12:45 | Crear | Archer |
| 12:57 | Crear | Archer |
| 12:57 | Crear | Archer |
| 13:08 | Crear | Villager (Male) |
| 13:31 | Crear | Archer |
| 13:38 | Crear | Villager (Male) |
| 13:48 | Crear | Villager (Male) |
| 13:55 | Crear | Archer |
| 13:55 | Crear | Archer |
| 14:06 | Construir | Farm |
| 14:10 | Construir | House |
| 14:20 | Crear | Archer |
| 14:52 | Crear | Villager (Male) |
| 14:52 | Crear | Villager (Male) |
| 14:54 | Construir | Farm |
| 14:55 | Crear | Archer |
| 14:55 | Crear | Archer |
| 15:02 | Crear | Archer |
| 15:14 | Crear | Villager (Male) |
| 15:53 | Crear | Villager (Male) |
| 15:54 | Crear | Archer |
| 15:54 | Crear | Archer |
| 15:56 | Construir | Farm |
| 15:57 | Construir | Farm |
| 15:57 | Construir | Farm |
| 15:57 | Construir | Farm |
| 15:57 | Construir | Farm |
| 15:57 | Construir | Farm |
| 16:11 | Crear | Archer |
| 16:11 | Crear | Archer |
| 16:14 | Crear | Villager (Male) |
| 16:16 | Construir | Farm |
| 16:40 | Investigar | Town Watch |
| 16:42 | Construir | House |
| 17:24 | Crear | Villager (Male) |
| 17:25 | Crear | Villager (Male) |
| 17:27 | Construir | Farm |
| 17:27 | Construir | Farm |
| 17:27 | Construir | Farm |
| 17:33 | Construir | Market |
| 17:51 | Crear | Archer |
| 17:51 | Crear | Archer |
| 18:56 | Construir | House |
| 19:03 | Investigar | Castle Age |
| 19:05 | Crear | Archer |
| 19:21 | Construir | Stable |
| 19:28 | Construir | Palisade Wall |
| 19:32 | Crear | Archer |
| 19:32 | Crear | Archer |
| 19:47 | Investigar | Horse Collar |
| 20:00 | Crear | Archer |
| 20:05 | Crear | Archer |
| 20:47 | Crear | Archer |
| 20:52 | Investigar | Bloodlines |
| 20:55 | Crear | Villager (Male) |
| 21:09 | Crear | Archer |
| 21:31 | Crear | Scout Cavalry |
| 21:43 | Edad | Edad de los Castillos |
| 21:48 | Crear | Unit 1952 |
| 21:48 | Crear | Unit 1952 |
| 21:51 | Crear | Villager (Male) |
| 21:59 | Construir | Siege Workshop |
| 22:06 | Crear | Unit 1952 |
| 22:18 | Crear | Villager (Male) |
| 22:24 | Crear | Unit 1952 |
| 22:24 | Crear | Unit 1952 |
| 22:34 | Crear | Unit 1952 |
| 22:59 | Investigar | Caravan |
| 23:05 | Crear | Mangonel |
| 23:08 | Crear | Unit 1952 |
| 23:08 | Crear | Unit 1952 |
| 23:15 | Crear | Villager (Male) |
| 23:24 | Crear | Villager (Male) |
| 23:28 | Construir | Lumber Camp |
| 23:35 | Crear | Unit 1952 |
| 23:54 | Crear | Villager (Male) |
| 23:56 | Crear | Unit 1952 |
| 24:01 | Crear | Unit 1944 |
| 24:16 | Construir | Archery Range |
| 24:27 | Investigar | Bodkin Arrow |
| 24:30 | Construir | Archery Range |
| 24:42 | Crear | Villager (Male) |
| 24:42 | Crear | Villager (Male) |
| 24:44 | Investigar | Bow Saw |
| 24:51 | Construir | Farm |
| 24:58 | Crear | Mangonel |
| 26:03 | Crear | Villager (Male) |
| 26:04 | Construir | Farm |
| 26:05 | Crear | Villager (Male) |
| 26:09 | Construir | Town Center |
| 26:17 | Construir | Market |
| 26:19 | Investigar | Caravan |
Build order — Ronnie Hotdogs
Primeras 150 de 1278 acciones detectadas
| 0:00 | Crear | Villager (Male) ×4 |
| 0:02 | Construir | House |
| 0:04 | Construir | House |
| 1:11 | Crear | Villager (Male) |
| 1:50 | Crear | Villager (Male) |
| 1:52 | Construir | Lumber Camp |
| 2:23 | Crear | Villager (Male) |
| 2:48 | Crear | Villager (Male) |
| 2:49 | Crear | Villager (Male) |
| 3:25 | Construir | House |
| 3:28 | Crear | Villager (Male) |
| 3:52 | Crear | Villager (Male) |
| 4:12 | Crear | Villager (Male) |
| 4:31 | Construir | Mill |
| 4:43 | Crear | Villager (Male) |
| 5:04 | Crear | Villager (Male) |
| 5:13 | Crear | Villager (Male) |
| 5:33 | Crear | Villager (Male) |
| 5:34 | Investigar | Loom |
| 6:00 | Construir | Barracks |
| 7:06 | Investigar | Feudal Age |
| 7:07 | Crear | Militia |
| 7:41 | Construir | Mining Camp |
| 7:42 | Crear | Militia |
| 8:04 | Construir | House |
| 8:09 | Crear | Militia |
| 8:33 | Crear | Militia |
| 9:10 | Crear | Villager (Male) |
| 9:16 | Edad | Edad Feudal |
| 9:19 | Construir | Stone Wall |
| 9:25 | Investigar | Man-at-Arms (upgrade) |
| 9:27 | Crear | Villager (Male) |
| 10:06 | Construir | Gate |
| 10:11 | Crear | Villager (Male) |
| 10:28 | Crear | Villager (Male) |
| 10:32 | Investigar | Double-Bit Axe |
| 10:39 | Crear | Villager (Male) |
| 10:43 | Construir | House |
| 10:56 | Crear | Villager (Male) |
| 11:14 | Crear | Villager (Male) |
| 11:33 | Crear | Villager (Male) |
| 12:03 | Construir | Mining Camp |
| 12:19 | Crear | Villager (Male) |
| 12:31 | Investigar | Horse Collar |
| 12:40 | Construir | Farm |
| 12:43 | Construir | Farm |
| 12:43 | Crear | Villager (Male) |
| 12:45 | Construir | Farm |
| 12:46 | Crear | Villager (Male) |
| 12:51 | Construir | Farm |
| 12:57 | Construir | Outpost |
| 13:02 | Construir | Outpost |
| 13:05 | Construir | Outpost |
| 13:10 | Crear | Villager (Male) |
| 13:12 | Construir | Outpost |
| 13:15 | Construir | Outpost |
| 13:16 | Construir | Outpost |
| 13:21 | Crear | Villager (Male) |
| 13:44 | Crear | Villager (Male) |
| 13:50 | Construir | Farm |
| 13:52 | Crear | Villager (Male) |
| 14:00 | Crear | Villager (Male) |
| 14:08 | Crear | Villager (Male) |
| 14:16 | Construir | Farm |
| 14:18 | Crear | Villager (Male) |
| 14:33 | Crear | Villager (Male) |
| 14:39 | Construir | House |
| 14:40 | Construir | House |
| 14:46 | Crear | Villager (Male) |
| 14:59 | Construir | Farm |
| 15:14 | Crear | Villager (Male) |
| 15:30 | Construir | Market |
| 15:31 | Crear | Villager (Male) |
| 15:51 | Construir | Blacksmith |
| 16:12 | Construir | Farm |
| 16:15 | Construir | Farm |
| 16:51 | Investigar | Castle Age |
| 16:57 | Construir | Mill |
| 16:59 | Construir | Farm |
| 17:05 | Construir | Farm |
| 17:08 | Construir | Farm |
| 17:14 | Construir | Farm |
| 18:55 | Crear | Villager (Male) |
| 19:31 | Edad | Edad de los Castillos |
| 19:32 | Construir | Town Center |
| 19:37 | Construir | Town Center |
| 19:49 | Construir | Town Center |
| 19:52 | Crear | Villager (Male) |
| 20:15 | Crear | Villager (Male) |
| 20:16 | Crear | Villager (Male) |
| 20:26 | Investigar | Bow Saw |
| 20:41 | Crear | Villager (Male) |
| 20:44 | Investigar | Heavy Plow |
| 20:50 | Crear | Villager (Male) |
| 20:51 | Crear | Villager (Male) |
| 20:52 | Crear | Villager (Male) |
| 20:58 | Crear | Villager (Male) |
| 21:01 | Crear | Villager (Male) |
| 21:01 | Crear | Villager (Male) |
| 21:05 | Crear | Villager (Male) |
| 21:11 | Crear | Villager (Male) |
| 21:11 | Crear | Villager (Male) |
| 21:12 | Crear | Villager (Male) |
| 21:15 | Crear | Villager (Male) |
| 21:17 | Crear | Villager (Male) |
| 21:25 | Crear | Villager (Male) |
| 21:31 | Construir | Town Center |
| 21:39 | Crear | Villager (Male) |
| 21:43 | Crear | Villager (Male) |
| 21:57 | Construir | Town Center |
| 22:00 | Crear | Villager (Male) |
| 22:04 | Crear | Villager (Male) |
| 22:08 | Construir | Farm |
| 22:27 | Construir | Mill |
| 22:27 | Crear | Villager (Male) |
| 22:32 | Crear | Villager (Male) |
| 22:36 | Construir | Farm |
| 22:37 | Crear | Villager (Male) |
| 22:44 | Construir | Farm |
| 22:47 | Construir | Farm |
| 22:51 | Construir | Farm |
| 22:52 | Crear | Villager (Male) |
| 22:56 | Crear | Villager (Male) |
| 22:57 | Crear | Villager (Male) |
| 22:58 | Crear | Villager (Male) |
| 23:01 | Construir | Farm |
| 23:02 | Crear | Villager (Male) |
| 23:06 | Construir | Farm |
| 23:10 | Crear | Villager (Male) |
| 23:19 | Construir | Farm |
| 23:20 | Construir | Farm |
| 23:21 | Crear | Villager (Male) |
| 23:22 | Crear | Villager (Male) |
| 23:26 | Construir | Farm |
| 23:27 | Crear | Villager (Male) |
| 23:29 | Construir | Farm |
| 23:29 | Crear | Villager (Male) |
| 23:34 | Construir | House |
| 23:35 | Construir | House |
| 23:41 | Crear | Villager (Male) |
| 23:42 | Crear | Villager (Male) |
| 23:45 | Construir | Mill |
| 23:46 | Construir | Farm |
| 23:47 | Crear | Villager (Male) |
| 23:49 | Crear | Villager (Male) |
| 23:51 | Crear | Villager (Male) |
| 23:53 | Construir | Farm |
| 23:55 | Construir | Farm |
| 23:58 | Construir | Farm |
| 24:03 | Crear | Villager (Male) |
Build order — YoungPanda
Primeras 150 de 762 acciones detectadas
| 0:01 | Crear | Villager (Male) |
| 0:01 | Crear | Villager (Male) |
| 0:02 | Construir | House |
| 0:04 | Construir | House |
| 0:08 | Crear | Villager (Male) |
| 0:08 | Crear | Villager (Male) |
| 0:08 | Crear | Villager (Male) |
| 1:37 | Crear | Villager (Male) |
| 1:37 | Crear | Villager (Male) |
| 1:47 | Construir | Lumber Camp |
| 2:00 | Crear | Villager (Male) |
| 2:23 | Crear | Villager (Male) |
| 2:23 | Crear | Villager (Male) |
| 2:41 | Crear | Villager (Male) |
| 2:47 | Crear | Villager (Male) |
| 3:38 | Construir | House |
| 3:44 | Crear | Villager (Male) |
| 3:48 | Crear | Villager (Male) |
| 3:55 | Crear | Villager (Male) |
| 4:43 | Crear | Villager (Male) |
| 4:52 | Crear | Villager (Male) |
| 5:05 | Construir | Mining Camp |
| 5:09 | Crear | Villager (Male) |
| 5:29 | Construir | Palisade Wall |
| 5:53 | Crear | Villager (Male) |
| 6:44 | Investigar | Feudal Age |
| 6:45 | Investigar | Feudal Age |
| 7:36 | Construir | Barracks |
| 7:40 | Crear | Villager (Male) |
| 8:00 | Construir | House |
| 8:54 | Edad | Edad Feudal |
| 9:00 | Construir | Archery Range |
| 9:03 | Construir | Archery Range |
| 9:06 | Investigar | Double-Bit Axe |
| 9:07 | Crear | Villager (Male) |
| 9:28 | Crear | Villager (Male) |
| 9:36 | Construir | Mill |
| 10:00 | Construir | House |
| 10:06 | Crear | Archer |
| 10:06 | Crear | Archer |
| 10:06 | Crear | Archer |
| 10:08 | Crear | Villager (Male) |
| 10:10 | Crear | Villager (Male) |
| 10:26 | Construir | House |
| 10:27 | Crear | Archer |
| 10:28 | Crear | Villager (Male) |
| 10:49 | Crear | Archer |
| 10:52 | Crear | Villager (Male) |
| 11:22 | Crear | Archer |
| 11:42 | Crear | Villager (Male) |
| 11:52 | Construir | House |
| 12:01 | Crear | Archer |
| 12:02 | Crear | Villager (Male) |
| 12:08 | Construir | House |
| 12:11 | Crear | Archer |
| 12:14 | Crear | Villager (Male) |
| 12:17 | Investigar | Horse Collar |
| 12:23 | Construir | Farm |
| 12:31 | Construir | Farm |
| 12:32 | Construir | Farm |
| 12:35 | Construir | Farm |
| 12:46 | Crear | Villager (Male) |
| 12:48 | Construir | Farm |
| 12:51 | Construir | House |
| 12:57 | Construir | Farm |
| 12:58 | Construir | Farm |
| 13:04 | Crear | Villager (Male) |
| 13:23 | Construir | Farm |
| 13:42 | Crear | Villager (Male) |
| 13:51 | Construir | Farm |
| 13:54 | Construir | Farm |
| 13:54 | Crear | Villager (Male) |
| 14:22 | Construir | Farm |
| 14:39 | Construir | Farm |
| 14:40 | Investigar | Loom |
| 14:42 | Crear | Villager (Male) |
| 14:42 | Crear | Villager (Male) |
| 15:12 | Construir | Mining Camp |
| 15:15 | Crear | Villager (Male) |
| 15:35 | Crear | Villager (Male) |
| 16:00 | Construir | Blacksmith |
| 16:01 | Construir | House |
| 16:15 | Investigar | Wheelbarrow |
| 16:25 | Crear | Archer |
| 16:31 | Construir | House |
| 16:50 | Crear | Archer |
| 17:05 | Crear | Villager (Male) |
| 17:07 | Construir | House |
| 17:26 | Investigar | Castle Age |
| 17:30 | Crear | Archer |
| 17:30 | Crear | Archer |
| 17:47 | Construir | Lumber Camp |
| 17:50 | Crear | Archer |
| 18:26 | Construir | Lumber Camp |
| 19:03 | Crear | Archer |
| 19:25 | Crear | Archer |
| 19:32 | Crear | Villager (Male) |
| 19:48 | Crear | Archer |
| 20:04 | Investigar | Fletching |
| 20:12 | Edad | Edad de los Castillos |
| 20:13 | Construir | Archery Range |
| 20:15 | Investigar | Crossbowman (upgrade) |
| 20:15 | Investigar | Crossbowman (upgrade) |
| 20:17 | Investigar | Bow Saw |
| 20:17 | Crear | Villager (Male) |
| 20:20 | Crear | Archer |
| 20:40 | Crear | Villager (Male) |
| 20:45 | Crear | Archer |
| 20:45 | Crear | Archer |
| 20:49 | Investigar | Bodkin Arrow |
| 20:49 | Investigar | Bodkin Arrow |
| 20:49 | Investigar | Padded Archer Armor |
| 20:57 | Crear | Archer |
| 20:59 | Crear | Villager (Male) |
| 21:01 | Investigar | Gold Mining |
| 21:30 | Crear | Archer |
| 21:30 | Crear | Archer |
| 21:34 | Construir | House |
| 21:36 | Construir | House |
| 21:44 | Crear | Archer |
| 21:46 | Crear | Villager (Male) |
| 21:54 | Construir | Town Center |
| 22:00 | Construir | House |
| 22:06 | Crear | Archer |
| 22:06 | Crear | Archer |
| 22:07 | Crear | Villager (Male) |
| 22:07 | Crear | Villager (Male) |
| 22:07 | Crear | Villager (Male) |
| 22:22 | Crear | Cavalry Archer |
| 22:22 | Crear | Cavalry Archer |
| 22:23 | Crear | Villager (Male) |
| 22:28 | Construir | Gate |
| 22:38 | Construir | House |
| 22:39 | Construir | House |
| 22:48 | Crear | Cavalry Archer |
| 22:50 | Crear | Villager (Male) |
| 22:55 | Construir | Stable |
| 23:13 | Crear | Cavalry Archer |
| 23:16 | Crear | Cavalry Archer |
| 23:27 | Crear | Cavalry Archer |
| 23:27 | Crear | Cavalry Archer |
| 23:42 | Crear | Cavalry Archer |
| 23:46 | Crear | Cavalry Archer |
| 23:49 | Crear | Villager (Male) |
| 23:50 | Crear | Villager (Male) |
| 23:50 | Crear | Villager (Male) |
| 23:50 | Crear | Villager (Male) |
| 24:01 | Crear | Cavalry Archer |
| 24:05 | Crear | Villager (Male) |
| 24:13 | Crear | Villager (Male) |
Cronología de la partida
| 1:26 | Aten · wall_segment Palisade Wall x1 |
| 1:31 | Aten · wall_segment Palisade Wall x1 |
| 1:33 | Aten · wall_segment Palisade Wall x1 |
| 5:29 | YoungPanda · wall_segment Palisade Wall x1 |
| 6:00 | Ronnie Hotdogs · first_building Barracks |
| 7:13 | Aten · first_building Barracks |
| 7:14 | [S1z3] NillisLukins · first_building Barracks |
| 7:36 | YoungPanda · first_building Barracks |
| 8:33 | [S1z3] NillisLukins · age_up feudal |
| 8:34 | [S1z3] NillisLukins · first_building Stable |
| 8:54 | YoungPanda · age_up feudal |
| 8:56 | [S1z3] NillisLukins · wall_segment Palisade Wall x1 |
| 8:58 | [S1z3] NillisLukins · wall_segment Palisade Wall x1 |
| 9:00 | [S1z3] NillisLukins · wall_segment Palisade Wall x1 |
| 9:00 | YoungPanda · first_building Archery Range |
| 9:16 | Ronnie Hotdogs · age_up feudal |
| 9:19 | Ronnie Hotdogs · wall_segment Stone Wall x35 |
| 9:41 | knightthrower · age_up feudal |
| 9:41 | theMole · age_up feudal |
| 10:06 | Aten · age_up feudal |
| 10:16 | Aten · first_building Archery Range |
| 10:31 | robo_boro · age_up feudal |
| 10:45 | [S1z3] NillisLukins · wall_segment Stone Wall x6 |
| 10:56 | PUB | Steak · age_up feudal |
| 11:17 | PUB | Steak · first_building Stable |
| 11:53 | PUB | Steak · wall_segment Palisade Wall x1 |
| 11:56 | PUB | Steak · wall_segment Palisade Wall x1 |
| 11:57 | PUB | Steak · wall_segment Palisade Wall x1 |
| 11:57 | [S1z3] NillisLukins · wall_segment Stone Wall x20 |
| 11:59 | PUB | Steak · wall_segment Palisade Wall x1 |
| 13:15 | theMole · age_up castle |
| 13:17 | knightthrower · age_up castle |
| 13:17 | robo_boro · first_market_buy 100 stone |
| 13:40 | PUB | Steak · age_up castle |
| 13:54 | theMole · first_market_buy 100 wood |
| 14:00 | PUB | Steak · first_building Siege Workshop |
| 14:01 | robo_boro · age_up castle |
| 14:11 | robo_boro · first_building Castle |
| 15:27 | [S1z3] NillisLukins · wall_segment Stone Wall x1 |
| 15:41 | robo_boro · first_building Monastery |
| 16:05 | knightthrower · first_market_buy 100 food |
| 16:14 | knightthrower · wall_segment Palisade Wall x3 |
| 16:16 | knightthrower · wall_segment Palisade Wall x4 |
| 16:50 | Ronnie Hotdogs · first_market_buy 100 food |
| 18:04 | knightthrower · wall_segment Palisade Wall x1 |
| 19:02 | Aten · first_market_buy 100 food |
| 19:21 | Aten · first_building Stable |
| 19:28 | Aten · wall_segment Palisade Wall x1 |
| 19:31 | Ronnie Hotdogs · age_up castle |
| 19:46 | Ronnie Hotdogs · first_market_sell 100 stone |
| 20:12 | YoungPanda · age_up castle |
| 20:32 | [S1z3] NillisLukins · age_up castle |
| 20:51 | knightthrower · wall_segment Palisade Wall x1 |
| 20:53 | knightthrower · wall_segment Palisade Wall x1 |
| 20:54 | knightthrower · wall_segment Palisade Wall x1 |
| 21:12 | knightthrower · first_building Siege Workshop |
| 21:43 | Aten · age_up castle |
| 21:59 | Aten · first_building Siege Workshop |
| 22:42 | PUB | Steak · first_market_buy 100 stone |
| 22:43 | theMole · first_building Monastery |
| 22:55 | YoungPanda · first_building Stable |
| 22:58 | Aten · first_market_sell 100 food |
| 23:19 | PUB | Steak · first_market_sell 100 wood |
| 23:54 | theMole · first_market_sell 100 food |
| 24:05 | theMole · first_building Castle |
| 24:10 | theMole · first_building Barracks |
| 25:06 | theMole · first_building Archery Range |
| 25:07 | theMole · first_building Stable |
| 25:46 | [S1z3] NillisLukins · first_building Monastery |
| 26:10 | robo_boro · first_building Barracks |
| 26:23 | YoungPanda · first_building Monastery |
| 26:34 | Ronnie Hotdogs · first_building Monastery |
| 27:13 | robo_boro · first_building Stable |
| 27:30 | Ronnie Hotdogs · first_building Stable |
| 27:34 | knightthrower · first_building Monastery |
| 27:38 | theMole · age_up imperial |
| 27:55 | Ronnie Hotdogs · first_building Castle |
| 29:09 | PUB | Steak · first_building Castle |
| 29:11 | PUB | Steak · age_up imperial |
| 30:48 | Ronnie Hotdogs · age_up imperial |
| 30:50 | Ronnie Hotdogs · first_building Siege Workshop |
| 31:00 | robo_boro · age_up imperial |
| 31:11 | knightthrower · age_up imperial |
| 31:18 | knightthrower · first_market_sell 100 food |
| 31:24 | YoungPanda · first_building Castle |
| 31:59 | robo_boro · first_market_sell 100 stone |
| 32:16 | [S1z3] NillisLukins · first_building Castle |
| 32:26 | theMole · first_building Siege Workshop |
| 32:36 | knightthrower · first_building Castle |
| 32:51 | YoungPanda · first_market_buy 100 food |
| 33:35 | Aten · first_building Monastery |
| 34:11 | [S1z3] NillisLukins · age_up imperial |
| 36:18 | YoungPanda · age_up imperial |
| 36:24 | robo_boro · tribute_sent a jugador 1 |
| 36:24 | robo_boro · tribute_sent a jugador 2 |
| 36:24 | robo_boro · tribute_sent a jugador 3 |
| 36:24 | robo_boro · tribute_sent a jugador 5 |
| 36:24 | robo_boro · tribute_sent a jugador 6 |
| 36:24 | robo_boro · tribute_sent a jugador 7 |
| 36:24 | robo_boro · tribute_sent a jugador 8 |
| 37:49 | robo_boro · first_building Siege Workshop |
| 38:40 | theMole · tribute_sent a jugador 2 |
| 38:40 | theMole · tribute_sent a jugador 3 |
| 38:40 | theMole · tribute_sent a jugador 4 |
| 38:40 | theMole · tribute_sent a jugador 5 |
| 38:40 | theMole · tribute_sent a jugador 6 |
| 38:40 | theMole · tribute_sent a jugador 7 |
| 38:40 | theMole · tribute_sent a jugador 8 |
| 39:03 | [S1z3] NillisLukins · first_building Archery Range |
| 39:14 | YoungPanda · first_building Siege Workshop |
| 39:16 | Aten · first_building Castle |
| 39:57 | Aten · age_up imperial |
| 40:46 | theMole · tribute_sent a jugador 2 |
| 40:46 | theMole · tribute_sent a jugador 3 |
| 40:46 | theMole · tribute_sent a jugador 4 |
| 40:46 | theMole · tribute_sent a jugador 5 |
| 40:47 | theMole · tribute_sent a jugador 6 |
| 40:47 | theMole · tribute_sent a jugador 7 |
| 40:47 | theMole · tribute_sent a jugador 8 |
| 44:37 | [S1z3] NillisLukins · first_market_buy 500 stone |
| 45:17 | theMole · tribute_sent a jugador 2 |
| 45:17 | theMole · tribute_sent a jugador 3 |
| 45:17 | theMole · tribute_sent a jugador 4 |
| 45:17 | theMole · tribute_sent a jugador 5 |
| 45:17 | theMole · tribute_sent a jugador 6 |
| 45:17 | theMole · tribute_sent a jugador 7 |
| 45:17 | theMole · tribute_sent a jugador 8 |
| 47:24 | [S1z3] NillisLukins · first_market_sell 500 food |
| 47:57 | Ronnie Hotdogs · tribute_sent a jugador 1 |
| 47:57 | Ronnie Hotdogs · tribute_sent a jugador 2 |
| 47:57 | Ronnie Hotdogs · tribute_sent a jugador 3 |
| 47:57 | Ronnie Hotdogs · tribute_sent a jugador 4 |
| 47:57 | Ronnie Hotdogs · tribute_sent a jugador 5 |
| 47:57 | Ronnie Hotdogs · tribute_sent a jugador 6 |
| 47:57 | Ronnie Hotdogs · tribute_sent a jugador 8 |
| 47:59 | Aten · tribute_sent a jugador 1 |
| 47:59 | Aten · tribute_sent a jugador 2 |
| 47:59 | Aten · tribute_sent a jugador 3 |
| 47:59 | Aten · tribute_sent a jugador 4 |
| 47:59 | Aten · tribute_sent a jugador 5 |
| 47:59 | Aten · tribute_sent a jugador 7 |
| 47:59 | Aten · tribute_sent a jugador 8 |
| 48:27 | theMole · tribute_sent a jugador 2 |
| 48:27 | theMole · tribute_sent a jugador 3 |
| 48:27 | theMole · tribute_sent a jugador 4 |
| 48:27 | theMole · tribute_sent a jugador 5 |
| 48:27 | theMole · tribute_sent a jugador 6 |
| 48:27 | theMole · tribute_sent a jugador 7 |
| 48:27 | theMole · tribute_sent a jugador 8 |
| 49:25 | knightthrower · first_building Barracks |
| 51:42 | YoungPanda · first_market_sell 500 wood |
| 52:11 | theMole · tribute_sent a jugador 2 |
| 52:11 | theMole · tribute_sent a jugador 3 |
| 52:11 | theMole · tribute_sent a jugador 4 |
| 52:11 | theMole · tribute_sent a jugador 5 |
| 52:11 | theMole · tribute_sent a jugador 6 |
| 52:11 | theMole · tribute_sent a jugador 7 |
| 52:11 | theMole · tribute_sent a jugador 8 |
| 52:11 | knightthrower · first_building Stable |
| 52:12 | Aten · tribute_sent a jugador 1 |
| 52:12 | Aten · tribute_sent a jugador 2 |
| 52:12 | Aten · tribute_sent a jugador 3 |
| 52:12 | Aten · tribute_sent a jugador 4 |
| 52:12 | Aten · tribute_sent a jugador 5 |
| 52:12 | Aten · tribute_sent a jugador 7 |
| 52:12 | Aten · tribute_sent a jugador 8 |
| 52:16 | knightthrower · first_building Archery Range |
| 57:22 | [S1z3] NillisLukins · tribute_sent a jugador 1 |
| 57:22 | [S1z3] NillisLukins · tribute_sent a jugador 2 |
| 57:22 | [S1z3] NillisLukins · tribute_sent a jugador 4 |
| 57:22 | [S1z3] NillisLukins · tribute_sent a jugador 5 |
| 57:22 | [S1z3] NillisLukins · tribute_sent a jugador 6 |
| 57:22 | [S1z3] NillisLukins · tribute_sent a jugador 7 |
| 57:22 | [S1z3] NillisLukins · tribute_sent a jugador 8 |
| 57:34 | YoungPanda · tribute_sent a jugador 1 |
| 57:34 | YoungPanda · tribute_sent a jugador 2 |
| 57:34 | YoungPanda · tribute_sent a jugador 3 |
| 57:34 | YoungPanda · tribute_sent a jugador 4 |
| 57:34 | YoungPanda · tribute_sent a jugador 5 |
| 57:34 | YoungPanda · tribute_sent a jugador 6 |
| 57:34 | YoungPanda · tribute_sent a jugador 7 |
| 59:00 | Aten · tribute_sent a jugador 1 |
| 59:00 | Aten · tribute_sent a jugador 2 |
| 59:00 | Aten · tribute_sent a jugador 3 |
| 59:00 | Aten · tribute_sent a jugador 4 |
| 59:00 | Aten · tribute_sent a jugador 5 |
| 59:00 | Aten · tribute_sent a jugador 7 |
| 59:00 | Aten · tribute_sent a jugador 8 |
| 59:02 | theMole · tribute_sent a jugador 2 |
| 59:02 | theMole · tribute_sent a jugador 3 |
| 59:02 | theMole · tribute_sent a jugador 4 |
| 59:02 | theMole · tribute_sent a jugador 5 |
| 59:02 | theMole · tribute_sent a jugador 6 |
| 59:02 | theMole · tribute_sent a jugador 7 |
| 59:02 | theMole · tribute_sent a jugador 8 |
| 60:57 | Ronnie Hotdogs · tribute_sent a jugador 1 |
| 60:57 | Ronnie Hotdogs · tribute_sent a jugador 2 |
| 60:57 | Ronnie Hotdogs · tribute_sent a jugador 3 |
| 60:57 | Ronnie Hotdogs · tribute_sent a jugador 4 |
| 60:57 | Ronnie Hotdogs · tribute_sent a jugador 5 |
| 60:57 | Ronnie Hotdogs · tribute_sent a jugador 6 |
| 60:57 | Ronnie Hotdogs · tribute_sent a jugador 8 |
| 61:25 | theMole · tribute_sent a jugador 2 |
| 61:25 | theMole · tribute_sent a jugador 3 |
| 61:25 | theMole · tribute_sent a jugador 4 |
| 61:25 | theMole · tribute_sent a jugador 5 |
| 61:25 | theMole · tribute_sent a jugador 6 |
| 61:25 | theMole · tribute_sent a jugador 7 |
| 61:25 | theMole · tribute_sent a jugador 8 |
| 61:30 | Ronnie Hotdogs · tribute_sent a jugador 1 |
| 61:30 | Ronnie Hotdogs · tribute_sent a jugador 2 |
| 61:30 | Ronnie Hotdogs · tribute_sent a jugador 3 |
| 61:30 | Ronnie Hotdogs · tribute_sent a jugador 4 |
| 61:30 | Ronnie Hotdogs · tribute_sent a jugador 5 |
| 61:30 | Ronnie Hotdogs · tribute_sent a jugador 6 |
| 61:30 | Ronnie Hotdogs · tribute_sent a jugador 8 |
| 61:37 | Aten · tribute_sent a jugador 1 |
| 61:37 | Aten · tribute_sent a jugador 2 |
| 61:37 | Aten · tribute_sent a jugador 3 |
| 61:37 | Aten · tribute_sent a jugador 4 |
| 61:37 | Aten · tribute_sent a jugador 5 |
| 61:37 | Aten · tribute_sent a jugador 7 |
| 61:37 | Aten · tribute_sent a jugador 8 |
| 61:53 | robo_boro · wall_segment Stone Wall x50 |
| 62:13 | robo_boro · tribute_sent a jugador 1 |
| 62:13 | robo_boro · tribute_sent a jugador 2 |
| 62:13 | robo_boro · tribute_sent a jugador 3 |
| 62:13 | robo_boro · tribute_sent a jugador 5 |
| 62:13 | robo_boro · tribute_sent a jugador 6 |
| 62:13 | robo_boro · tribute_sent a jugador 7 |
| 62:13 | robo_boro · tribute_sent a jugador 8 |
| 62:46 | robo_boro · tribute_sent a jugador 1 |
| 62:46 | robo_boro · tribute_sent a jugador 2 |
| 62:46 | robo_boro · tribute_sent a jugador 3 |
| 62:46 | robo_boro · tribute_sent a jugador 5 |
| 62:46 | robo_boro · tribute_sent a jugador 6 |
| 62:46 | robo_boro · tribute_sent a jugador 7 |
| 62:46 | robo_boro · tribute_sent a jugador 8 |
| 62:50 | Ronnie Hotdogs · tribute_sent a jugador 1 |
| 62:50 | Ronnie Hotdogs · tribute_sent a jugador 2 |
| 62:50 | Ronnie Hotdogs · tribute_sent a jugador 3 |
| 62:50 | Ronnie Hotdogs · tribute_sent a jugador 4 |
| 62:50 | Ronnie Hotdogs · tribute_sent a jugador 5 |
| 62:50 | Ronnie Hotdogs · tribute_sent a jugador 6 |
| 62:50 | Ronnie Hotdogs · tribute_sent a jugador 8 |
| 62:50 | Aten · tribute_sent a jugador 1 |
| 62:50 | Aten · tribute_sent a jugador 2 |
| 62:50 | Aten · tribute_sent a jugador 3 |
| 62:50 | Aten · tribute_sent a jugador 4 |
| 62:50 | Aten · tribute_sent a jugador 5 |
| 62:50 | Aten · tribute_sent a jugador 7 |
| 62:50 | Aten · tribute_sent a jugador 8 |
| 63:29 | robo_boro · wall_segment Stone Wall x20 |
| 64:24 | [S1z3] NillisLukins · wall_segment Stone Wall x1 |
| 64:33 | knightthrower · wall_segment Stone Wall x3 |
| 64:36 | robo_boro · wall_segment Stone Wall x20 |
| 64:40 | robo_boro · wall_segment Stone Wall x4 |
| 65:00 | Aten · tribute_sent a jugador 1 |
| 65:00 | Aten · tribute_sent a jugador 2 |
| 65:00 | Aten · tribute_sent a jugador 3 |
| 65:00 | Aten · tribute_sent a jugador 4 |
| 65:00 | Aten · tribute_sent a jugador 5 |
| 65:00 | Aten · tribute_sent a jugador 7 |
| 65:00 | Aten · tribute_sent a jugador 8 |
| 67:00 | PUB | Steak · tribute_sent a jugador 1 |
| 67:00 | PUB | Steak · tribute_sent a jugador 2 |
| 67:00 | PUB | Steak · tribute_sent a jugador 3 |
| 67:00 | PUB | Steak · tribute_sent a jugador 4 |
| 67:00 | PUB | Steak · tribute_sent a jugador 6 |
| 67:00 | PUB | Steak · tribute_sent a jugador 7 |
| 67:00 | PUB | Steak · tribute_sent a jugador 8 |
| 67:10 | Aten · wall_segment Stone Wall x1 |
| 67:11 | Aten · wall_segment Stone Wall x1 |
| 67:13 | Aten · wall_segment Stone Wall x1 |
| 67:14 | Aten · wall_segment Stone Wall x1 |
| 67:50 | Ronnie Hotdogs · tribute_sent a jugador 1 |
| 67:50 | Ronnie Hotdogs · tribute_sent a jugador 2 |
| 67:50 | Ronnie Hotdogs · tribute_sent a jugador 3 |
| 67:50 | Ronnie Hotdogs · tribute_sent a jugador 4 |
| 67:50 | Ronnie Hotdogs · tribute_sent a jugador 5 |
| 67:50 | Ronnie Hotdogs · tribute_sent a jugador 6 |
| 67:50 | Ronnie Hotdogs · tribute_sent a jugador 8 |
| 67:54 | robo_boro · wall_segment Stone Wall x15 |
| 68:38 | robo_boro · wall_segment Stone Wall x14 |
| 69:14 | PUB | Steak · resign |
[ ANÁLISIS IA · 1 CRÉDITO ]
¿Qué pasó realmente en esta partida?
Wolo.gg analiza cada decisión: build order, eco, micro, errores típicos por bracket. Análisis personalizado por WhatsApp o Discord en 30 segundos.
Guía civ
Españoles
Perfil
Jugador #211321